 Dungeon Crawl Stone Soup version 0.30.0-29-ga12c61a403 (webtiles) character file.

Game seed: 15438427470758276157

48 hawla the Firebug (level 4, -2/33 HPs)
             Began as a Meteoran Fire Elementalist on June 8, 2023.
             Slain by a gnoll
             ... wielding a +0 whip
              (4 damage)
             ... on level 3 of the Dungeon.
             The game lasted 00:03:50 (473 turns).

hawla the Firebug (Meteoran Fire Elementalist)       Turns: 473, Time: 00:03:51

Health: -2/33      AC:  2    Str:  9    XL:     4   Next: 18%
Magic:  1/9        EV: 13    Int: 18    God:
Gold:   40         SH:  0    Dex: 15    Spells: 6/9 levels left

rFire   . . .        (no weapon)
rCold   . . .        (no shield)
rNeg    . . .        a - +0 robe
rPois   .            (no helmet)
rElec   .            (no cloak)
rCorr   .            (no gloves)
SInv    .            (no boots)
Will    .....        (no amulet)
Stlth   +            (no ring)
HPRegen 0.25/turn    (no ring)
MPRegen 0.11/turn

%: no passive effects
@: glowing
A: sense surroundings 1, otherworldly, glowing, explore regen
a: no special abilities


You were on level 3 of the Dungeon.
You visited 1 branch of the dungeon, and saw 3 of its levels.

You collected 40 gold pieces.

Inventory:

Armour
 a - a +0 robe (worn)
Jewellery
 d - a ring of resist corrosion
 g - a ring of wizardry
Scrolls
 b - a scroll of noise {unknown}
 c - 3 scrolls of identify {unknown}
 e - 2 scrolls of immolation {unknown}


   Skills:
 + Level 3.0 Dodging
 + Level 1.5 Stealth
 + Level 3.3 Spellcasting
 + Level 1.5 Conjurations
 + Level 4.7 Fire Magic


You had 6 spell levels left.
You knew the following spells:

 Your Spells              Type           Power      Damage    Failure   Level
a - Foxfire               Conj/Fire      56%        2x1d6     4%          1
b - Scorch                Fire           38%        2d7       3%          2

Your spell library contained the following spells:

 Spells                   Type           Power      Damage    Failure   Level
 Beastly Appendage        Tmut           4%         N/A       16%         1
 Inner Flame              Hex/Fire       11%        N/A       19%         3
 Volatile Blastmotes      Fire/Tloc      22%        2d11      19%         3
 Wereblood                Tmut           2%         N/A       24%         2
 Flame Wave               Conj/Fire      14%        2d6       41%         4
 Spider Form              Tmut/Pois      2%         N/A       43%         3


Dungeon Overview and Level Annotations

Branches:
Dungeon (3/15) Zot: 1327

Altars:

Shops:
D:2 (


Innate Abilities, Weirdness & Mutations

You passively map a small area around you.
You are easily found by Zot.
You glow in the dark.
You regain HP and MP as you explore.


Message History

You now have 40 gold pieces (gained 13).
The foxfire hits the hobgoblin.
The hobgoblin is moderately wounded.
The foxfire hits the gnoll but does no damage.
The gnoll completely misses you.
Casting: Foxfire (safe; 4% risk of failure)
Confirm with . or Enter, or press ? or * to list all spells.
You conjure some foxfire!
An endoplasm comes into view.
The gnoll hits you with a +0 whip. The gnoll completely misses you.
The hobgoblin barely misses you.
Casting: Foxfire (safe; 4% risk of failure)
Confirm with . or Enter, or press ? or * to list all spells.
Flames lash the gnoll.
The gnoll is severely wounded.
The gnoll's fire resistance burns away.
The foxfire hits the gnoll.
The gnoll is almost dead.
The foxfire hits the hobgoblin.
You kill the hobgoblin!
The gnoll misses you.
The gnoll hits you from afar with a +0 spear.
The gnoll barely misses you.
Casting: Scorch (safe; 3% risk of failure)
Confirm with . or Enter, or press ? or * to list all spells.
You conjure some foxfire!
The gnoll hits you from afar with a +0 spear.
The gnoll closely misses you. The gnoll hits you with a +0 flail!
You aren't carrying any potions.
The gnoll attacks as you move away! The gnoll barely misses you.
The gnoll attacks as you move away! The gnoll barely misses you.
The foxfire hits the gnoll.
The gnoll is moderately wounded.
The foxfire hits the gnoll.
The gnoll is burned terribly!
You kill the gnoll!
The gnoll hits you from afar with a +0 spear!
* * * LOW HITPOINT WARNING * * *
Your Spellcasting skill increases to level 3!
You have reached level 4!
The gnoll attacks as you move away! The gnoll hits you with a +0 whip.
You die...

* * , .# , * .#
.# * .####.#
####* ###.......
* #... #.......#
*
#.#.###.......##
*#...............
#.<.g.@....... ,
#.###.g.....##
... +.).....# **
#.##. *#J......#
,..,,.g
,....##### .# .g
......, , , , ,,
...###.####* *
**, ##. ... ,, *
** #.#* *


You could see 2 gnolls and an endoplasm.

Vanquished Creatures
  An adder (D:2)
  A gnoll (D:3)
  A worm (D:2)
  3 ball pythons
  2 bats
  An endoplasm (D:1)
  A giant cockroach (D:1)
  A goblin (D:1)
  3 hobgoblins
  4 jackals (D:2)
  A frilled lizard (D:1)
  2 kobolds
  3 rats
24 creatures vanquished.

Vanquished Creatures (others)
  69 foxfires
69 creatures vanquished.

Grand Total: 93 creatures vanquished

Notes
Turn   | Place    | Note
-------+----------+-------------------------------------------
     0 | D:1      | hawla the Meteoran Fire Elementalist began the quest for
                  | the Orb.
     0 | D:1      | Reached XP level 1. HP: 14/14 MP: 5/5
    79 | D:1      | Reached XP level 2. HP: 20/20 MP: 4/6
   101 | D:1      | Reached skill level 4 in Fire Magic
   183 | D:2      | Found Harigh's Antique Weapon Shop.
   322 | D:2      | Reached XP level 3. HP: 25/26 MP: 5/8
   348 | D:2      | Learned a level 2 spell: Scorch
   473 | D:3      | Reached XP level 4. HP: 2/33 MP: 1/9
   473 | D:3      | Slain by a gnoll

Illustrated notes

Levels and vault maps discovered:
D:1:      dpeg_arrival_ternary, layout_loops_ring,
          dreamdust_ecumenical_altar_drowned_temple,
          wander_ebering_terrifying_dragon_lair
D:2:      layout_loops_ring, serial_shops, shop
D:3:      layout_basic, uniq_crazy_yiuf_cottage

Skill      XL: |  1  2  3 |
---------------+----------+-----
Fire Magic     | 4 |  4.7
Dodging        | 3 |  3.0
Spellcasting   | 3 |  3.3
Stealth        | |  1.5
Conjurations   | |  1.5

Action                     |  1- 3 |  4- 6 || total
---------------------------+-------+-------++-------
  Melee: Unarmed           |     9 |       ||     9
   Cast: Foxfire           |    41 |       ||    41
         Scorch            |     3 |       ||     3
    Use: Potion            |     2 |       ||     2
 Armour: Robe              |     7 |       ||     7
  Dodge: Dodged            |    27 |       ||    27
